 Dungeon Crawl Stone Soup version 0.28-a0-1613-gdaab1c2f9b (webtiles) character file.

Game seed: 2125183119423849789

9043 a3don the Magician (level 11, -19/89 HPs)
             Began as a Purple Draconian Earth Elementalist on Jan 22, 2022.
             Was a High Priest of Okawaru.
             Demolished by a large slime creature (27 damage)
             ... on level 10 of the Dungeon.
             The game lasted 00:36:11 (15133 turns).

a3don the Magician (DrEE)                          Turns: 15133, Time: 00:36:12

Health: -19/89     AC:  9    Str: 11    XL:     11   Next: 17%
Magic:  12/21      EV: 13    Int: 20    God:    Okawaru [*****.]
Gold:   518        SH:  5    Dex: 11    Spells: 9/24 levels left

rFire   . . .      SeeInvis .   a - +2 dagger (venom)
rCold   + . .      Faith    .   (no shield)
rNeg    . . .      Spirit   .   (armour unavailable)
rPois   .          Reflect  +   (helmet restricted)
rElec   .          Harm     .   (no cloak)
rCorr   .          Rampage  .   (no gloves)
Will    +....                   L - +1 pair of boots
Stlth   ++........              y - amulet of reflection
HPRegen 0.24/turn               C - ring of protection from cold
MPRegen 0.17/turn               (no ring)

@: no status effects
A: breathe power, AC +7, unfitting armour, cold-blooded
a: Breathe Dispelling Energy, Renounce Religion, Heroism, Finesse, Duel


You were on level 10 of the Dungeon.
You worshipped Okawaru.
Okawaru was extremely pleased with you.
You visited 1 branch of the dungeon, and saw 10 of its levels.

You collected 518 gold pieces.

Inventory:

Hand Weapons
 a - a +2 dagger of venom (weapon)
 b - a +2 dagger of holy wrath
 g - a +0 mace
 h - a +0 vampiric short sword
 n - a +2 short sword of draining
 p - a +4 vorpal broad axe
 G - a +4 short sword
 J - the +5 shortbow of the Evening {vorpal, rPois rC- SInv}
   (You found it on level 7 of the Dungeon)

   Any ammunition fired from it inflicts extra damage upon your enemies.
   rC:        It makes you vulnerable to cold.
   rPois:     It protects you from poison.
   SInv:      It lets you see invisible.
Missiles
 e - 3 throwing nets
 j - 37 sling bullets
 l - 2 poisoned darts (quivered)
 q - 94 arrows
 H - 194 stones
Armour
 L - a +1 pair of boots (worn)
Magical Staves
 s - a staff of poison
Jewellery
 f - a ring of wizardry
 o - a ring of positive energy
 y - an amulet of reflection (around neck)
 C - a ring of protection from cold (left hand)
 K - a ring of fire
Wands
 d - a wand of flame (19)
 t - a wand of iceblast (8)
 A - a wand of charming (9)
 I - a wand of paralysis (2)
Scrolls
 w - 2 scrolls of immolation
 x - 6 scrolls of teleportation
 B - a scroll of amnesia
 M - a scroll of magic mapping
Potions
 c - 2 potions of curing
 i - a potion of flight {unknown}
 k - a potion of might {unknown}
 m - a potion of degeneration {unknown}
 r - a potion of ambrosia {unknown}
 u - 2 potions of cancellation
 v - a potion of mutation
 z - 2 potions of lignification
 D - a potion of heal wounds {unknown}
 E - a potion of magic {unknown}
 F - 3 potions of attraction


   Skills:
 + Level 6.0 Fighting
 - Level 2.8 Short Blades
 * Level 6.3(6.5) Axes
 - Level 2.3(4.6) Maces & Flails
 - Level 4.0 Dodging
 - Level 1.7 Stealth
 + Level 7.0 Spellcasting
 + Level 6.8 Conjurations
 + Level 3.3 Translocations
 + Level 6.0 Transmutations
 - Level 5.3 Ice Magic
 + Level 6.7 Earth Magic


You had 9 spell levels left.
You knew the following spells:

 Your Spells              Type           Power      Damage    Failure   Level
a - Sandblast             Erth           66%        2d15      1%          1
b - Frozen Ramparts       Ice            56%        1d7       3%          3
c - Stone Arrow           Conj/Erth      68%        3d11      1%          3
d - Blink                 Tloc           40%        N/A       3%          2
e - Passwall              Tmut/Erth      26%        N/A       1%          2
f - Petrify               Tmut/Erth      32%        N/A       7%          4

Your spell library contained the following spells:

 Spells                   Type           Power      Damage    Failure   Level
 Freeze                   Ice            100%       1d11      1%          1
 Lesser Beckoning         Tloc           20%        N/A       7%          3
 Hailstorm                Conj/Ice       31%        3d8       8%          4
 Confusing Touch          Hex            7%         N/A       28%         3
 Manifold Assault         Tloc           20%        N/A       54%         5
 Yara's Violent Unravell  Hex/Tmut       9%         3d6       58%         5
 Enfeeble                 Hex            3%         N/A       100%        7


Dungeon Overview and Level Annotations

Branches:
Dungeon (10/15)            Temple (0/1) D:7
   Lair: D:8-11         Orc: D:9-12

Altars:
Fedhas
Makhleb
Okawaru
Uskayaw
Zin

Shops:
D:5 *

Annotations:
D:9 2 exclusions


Innate Abilities, Weirdness & Mutations

You can breathe bolts of dispelling energy.
Your rich purple scales are hard. (AC +7)
You cannot fit into any form of body armour.
You are cold-blooded and may be slowed by cold attacks.


Message History

Press: ? - help, Shift-Dir - straight line, f/p - large slime creature
Aim: a large slime creature (moderately wounded, very poisoned, 94% to hit)
The stone arrow hits the large slime creature!!
The large slime creature is heavily wounded.
The large slime creature hits you!
The slime creature completely misses you.
You hit the large slime creature.
The large slime creature is heavily wounded.
The large slime creature completely misses you.
You hit the large slime creature.
The large slime creature is heavily wounded.
The slime creature hits you.
A large slime creature splits.
You hit the slime creature.
The slime creature is heavily wounded.
The slime creature completely misses you.
You hit the slime creature.
The slime creature looks even sicker.
The slime creature is severely wounded.
The slime creature hits you!
The slime creature hits you but does no damage.
The slime creature hits you!
* * * LOW HITPOINT WARNING * * *
The slime creature hits you!
* * * LOW HITPOINT WARNING * * *
Two slime creatures merge to form a large slime creature.
Casting: Stone Arrow (safe; 1% risk of failure)
Confirm with . or Enter, or press ? or * to list all spells.
Aiming: Stone Arrow (safe; 1% risk of failure)
Press: ? - help, Shift-Dir - straight line, f/p - large slime creature
Aim: a large slime creature (moderately wounded, poisoned, 94% to hit)
The stone arrow hits the large slime creature!!
The large slime creature is heavily wounded.
The slime creature hits you!
* * * LOW HITPOINT WARNING * * *
You feel better.
The large slime creature looks more healthy.
The slime creature hits you.
* * * LOW HITPOINT WARNING * * *
The slime creature hits you but does no damage.
The large slime creature hits you!!
You die...

#....##### #....>....
.# #....... ..# #....#
...# ##....##
....####......#
.....#..J.....##
........J...<..######.#
.......@####†........#
.##.....## ###.....#..
#.......# #..####
....##...# #..# ...#
##..## #..#### #..
#...# #.....##. ##
##..####.........#
..###..##.........##
...................#


You could see a large slime creature and a slime creature (very poisoned).

Vanquished Creatures
  A boulder beetle (D:9)
  5 two-headed ogres (D:9)
  Psyche (D:8)
  A troll (D:9)
  A hornet (D:9)
  A polar bear (D:9)
  A wyvern (D:8)
  9 yaks
  A steam dragon (D:8)
  A water moccasin (D:7)
  Duvessa (D:7)
  An orc warrior (D:9)
  2 ice beasts
  2 sky beasts
  A black bear (D:5)
  A necrophage (D:4)
  3 ogres
  3 wolves
  3 centaurs
  A wyvern zombie (D:8)
  6 bullfrogs
  A scorpion (D:4)
  A water moccasin zombie (D:5)
  A water moccasin skeleton (D:5)
  Dowan (D:7)
  An electric eel (D:9)
  A howler monkey (D:4)
  6 hounds
  4 centaur zombies
  4 orc priests
  A gnoll shaman (D:7)
  A centaur skeleton (D:4)
  An iguana (D:5)
  5 orc wizards
  A howler monkey zombie (D:9)
  7 gnolls
  A howler monkey skeleton (D:5)
  3 adders
  5 white imps
  2 ufetubi
  2 worms
  12 orcs
  5 endoplasms
  4 giant cockroaches
  A gnoll zombie (D:8)
  7 goblins
  7 hobgoblins
  3 jackals (D:1)
  5 kobolds
  6 quokkas
  3 ball pythons
  5 bats
  5 frilled lizards
  8 rats
166 creatures vanquished.

Vanquished Creatures (others)
  An orc wizard (D:8)
  2 bushes (D:9)
3 creatures vanquished.

Grand Total: 169 creatures vanquished

Notes
Turn   | Place    | Note
-------+----------+-------------------------------------------
     0 | D:1      | a3don the Draconian Earth Elementalist began the quest for
                  | the Orb.
     0 | D:1      | Reached XP level 1. HP: 14/14 MP: 3/3
   257 | D:1      | Reached XP level 2. HP: 18/20 MP: 0/5
  1366 | D:2      | Reached XP level 3. HP: 26/26 MP: 6/6
  2677 | D:3      | Reached XP level 4. HP: 34/34 MP: 7/7
  2950 | D:4      | Reached skill level 1 in Maces & Flails
  3111 | D:4      | Noticed an ogre
  3118 | D:4      | Learned a level 3 spell: Stone Arrow
  3124 | D:4      | Reached skill level 1 in Fighting
  3128 | D:4      | Killed an ogre
  3129 | D:4      | Reached skill level 1 in Conjurations
  3129 | D:4      | Reached XP level 5. HP: 40/40 MP: 4/9
  3231 | D:4      | Reached skill level 3 in Spellcasting
  3242 | D:4      | HP: 1/41 [orc (2)]
  3574 | D:4      | Reached XP level 6. HP: 43/48 MP: 10/10
  4146 | D:4      | Your scales start taking on a rich purple colour.
  4146 | D:4      | Reached skill level 4 in Spellcasting
  4146 | D:4      | Reached XP level 7. HP: 53/56 MP: 13/13
  4415 | D:5      | Entered Level 5 of the Dungeon
  5112 | D:5      | Reached skill level 1 in Short Blades
  5494 | D:5      | Found a hide-covered altar of Uskayaw.
  5539 | D:5      | Found Zin's Purification Station.
  5544 | D:5      | Found a glowing silver altar of Zin.
  5696 | D:5      | Reached skill level 1 in Axes
  5704 | D:5      | Reached XP level 8. HP: 51/63 MP: 14/14
  6544 | D:6      | Learned a level 2 spell: Blink
  6575 | D:6      | Identified the +8 plate armour "Feybio" {rN+ rCorr Stlth+}
  7313 | D:6      | Found an iron altar of Okawaru.
  7331 | D:6      | Became a worshipper of Warmaster Okawaru
  7603 | D:7      | Reached skill level 5 in Earth Magic
  7699 | D:7      | Found a burning altar of Makhleb.
  7860 | D:7      | Reached skill level 5 in Spellcasting
  8250 | D:7      | Noticed Dowan
  8251 | D:7      | Noticed Duvessa
  8270 | D:7      | Killed Duvessa
  8271 | D:7      | Reached skill level 5 in Conjurations
  8271 | D:7      | Killed Dowan
  8720 | D:7      | Reached * piety under Okawaru
  8861 | D:7      | Found a staircase to the Ecumenical Temple.
  9002 | D:7      | Identified the +5 shortbow of the Evening {vorpal, rPois
                  | rC- SInv}
  9135 | D:7      | Reached XP level 9. HP: 62/71 MP: 16/16
  9269 | D:8      | Noticed Psyche
 10353 | D:8      | Learned a level 3 spell: Frozen Ramparts
 10513 | D:8      | Reached skill level 1 in Ice Magic
 10798 | D:8      | Killed Psyche
 11612 | D:9      | Noticed a two-headed ogre
 11619 | D:9      | Killed a two-headed ogre
 11619 | D:9      | Reached ** piety under Okawaru
 11620 | D:9      | Reached skill level 1 in Translocations
 11620 | D:9      | Reached skill level 5 in Transmutations
 11837 | D:9      | Noticed a two-headed ogre
 11847 | D:9      | Killed a two-headed ogre
 11847 | D:9      | Reached *** piety under Okawaru
 11848 | D:9      | Reached skill level 5 in Fighting
 11848 | D:9      | Reached skill level 6 in Spellcasting
 11848 | D:9      | Reached XP level 10. HP: 72/81 MP: 4/19
 12740 | D:8      | Reached **** piety under Okawaru
 13013 | D:8      | Reached skill level 5 in Axes
 13735 | D:9      | Noticed a two-headed ogre
 13748 | D:9      | Noticed a boulder beetle
 13887 | D:9      | Killed a boulder beetle
 14141 | D:9      | Found a blossoming altar of Fedhas.
 14146 | D:9      | Killed a two-headed ogre
 14147 | D:9      | Reached skill level 5 in Ice Magic
 14323 | D:9      | Noticed a two-headed ogre
 14331 | D:9      | Killed a two-headed ogre
 14331 | D:9      | Reached ***** piety under Okawaru
 14332 | D:9      | Reached XP level 11. HP: 45/89 MP: 9/21
 14405 | D:9      | Learned a level 2 spell: Passwall
 14588 | D:9      | Noticed a two-headed ogre
 14595 | D:9      | Killed a two-headed ogre
 14602 | D:9      | Learned a level 4 spell: Petrify
 14687 | D:10     | Entered Level 10 of the Dungeon
 15064 | D:10     | Reached skill level 7 in Spellcasting
 15128 | D:10     | HP: 1/89 [slime creature (10)]
 15133 | D:10     | Demolished by a large slime creature

Illustrated notes

Levels and vault maps discovered:
D:1:      kennysheep_arrival_seaside, layout_loops_ring,
          minmay_misc_feat_nine_boxes, minmay_misc_feat_alley,
          nicolae_figureground_pulse
D:2:      layout_loops_ring
D:3:      layout_rooms, nrook_mini_vaults
D:4:      layout_cave_pools, minmay_statues_item, minmay_misc_feat_roman
D:5:      layout_rooms, marbit_many_paths, zin_purify, minmay_misc_feat_plants
D:6:      layout_loops_ring, kennysheep_okawaru_gauntlet
D:7:      layout_cave_pods, amcnicky_altar_gilded,
          minmay_temple_entry_statues_pillars, uniq_duvessa
D:8:      layout_basic, enter_ossuary_3, uniq_psyche
D:9:      layout_cave_pools, fedhas_bush_and_centaur_altar,
          kennysheep_mini_moat, serial_ice, serial_ice_j, serial_ice_m,
          serial_ice_g, serial_ice_h, hangedman_abyss_or_decor_jellyfish_corner,
          minmay_circle_x
D:10:     layout_layer_cave, nemelex_diamond_rough_becter,
          pdpol_wu_jian_five_deadly_venoms, gammafunk_ghost_necromancy

Skill      XL: |  1  2  3  4  5  6  7  8  9 10 11 |
---------------+----------------------------------+-----
Transmutations | 2 3 4 5 6 |  6.0
Maces & Flails | 1 2 |  2.3
Fighting       | 1 2 3 4 5 6 |  6.0
Conjurations   | 1 2 3 4 5 6 |  6.8
Spellcasting   | 3 4 5 6 7 |  7.0
Earth Magic    | 4 5 6 |  6.7
Dodging        | 2 3 4 |  4.0
Short Blades   | 1 2 |  2.8
Axes           | 1 2 4 6 |  6.3
Ice Magic      | 3 5 |  5.3
Translocations | 1 3 |  3.3
Stealth        | |  1.7

Action                   |  1- 3 |  4- 6 |  7- 9 | 10-12 || total
-------------------------+-------+-------+-------+-------++-------
Melee: Dagger            |    13 |    38 |   253 |   148 ||   452
       Unarmed           |     3 |       |       |       ||     3
       Tailslap          |    19 |    10 |    32 |    28 ||    89
       Short sword       |    25 |       |     8 |       ||    33
       Mace              |    73 |    24 |       |       ||    97
       Punch             |     2 |       |     9 |     1 ||    12
       Broad axe         |       |       |    23 |       ||    23
 Fire: Shortbow          |       |       |       |     9 ||     9
Throw: Dart              |       |     3 |     7 |     1 ||    11
 Cast: Sandblast         |    13 |    33 |    27 |       ||    73
       Stone Arrow       |       |       |    33 |    37 ||    70
       Blink             |       |       |     4 |     1 ||     5
       Frozen Ramparts   |       |       |     1 |     6 ||     7
  Use: Potion            |       |     1 |     1 |     1 ||     3
       Scroll            |       |       |    18 |     1 ||    19
 Stab: Sleeping          |    12 |     1 |     2 |     1 ||    16
Armor: Skin              |    37 |    41 |   121 |    43 ||   242
Dodge: Dodged            |    83 |    67 |   177 |   111 ||   438
Block: Other             |       |       |    44 |    33 ||    77
       Reflection        |       |       |       |     1 ||     1

Table legend: (Time is in decaauts)
 A = Elapsed time spent in this place.
 B = Non-inter-level travel time spent in this place.
 C = Inter-level travel time spent in this place.
 D = Time resting spent in this place.
 E = Time spent auto-exploring this place.
 F = Levels seen in this place.
 G = Mean time per level.
                   A        B        C        D        E       F      G
               +--------+--------+--------+--------+--------+-----+--------+
         Total |  15149 |  14914 |    235 |   5862 |   6768 |  10 | 1514.9 |
       Dungeon |  15149 |  14914 |    235 |   5862 |   6768 |  10 | 1514.9 |
               +--------+--------+--------+--------+--------+-----+--------+

Top non-repeatable levels by time:
     D:7: 2686 daAuts
     D:8: 2436 daAuts
     D:9: 2286 daAuts
     D:5: 1881 daAuts
     D:4: 1444 daAuts
     D:1: 1230 daAuts
     D:2: 1088 daAuts
     D:6: 1060 daAuts
     D:3: 925 daAuts
    D:10: 109 daAuts
